 Dungeon Crawl Stone Soup version 0.23.2-40-g277498a001 (webtiles) character file.

Game seed: 2344500624109798804

181 FishyPogo the Skirmisher (level 5, -6/63 HPs)
             Began as a Demonspawn Gladiator on Aug 17, 2019.
             Was a Follower of Makhleb.
             Killed by divine providence
             ... invoked by an orc priest
              (15 damage)
             ... on level 4 of the Dungeon.
             The game lasted 00:08:24 (2301 turns).

FishyPogo the Skirmisher (Demonspawn Gladiator)     Turns: 2301, Time: 00:08:25

Health: -6/63      AC: 22    Str: 16    XL:     5   Next: 34%
Magic:  5/5        EV:  2    Int:  9    God:    Makhleb [*.....]
Gold:   159        SH:  0    Dex: 14    Spells: 4/4 levels left

rFire    . . .     SeeInvis .   a - +1 war axe
rCold    . . .     Gourm    .   (no shield)
rNeg     + + +     Faith    .   (armour currently unavailable)
rPois    +         Spirit   .   (helmet currently unavailable)
rElec    .         Reflect  .   (cloak currently unavailable)
rCorr    .         Harm     .   (gloves currently unavailable)
MR       .....     NoTele   +   (boots currently unavailable)
Stlth    +.........             x - amulet of magic regeneration
HPRegen  0.20/turn              (no ring)
MPRegen  0.34/turn              (no ring)

@: tree-form
A: repulsion field 1
a: Renounce Religion


You were on level 4 of the Dungeon.
You worshipped Makhleb.
Makhleb was aware of your devotion.
You were not hungry.
You were a tree.
You visited 1 branch of the dungeon, and saw 4 of its levels.

You collected 159 gold pieces.

Inventory:

Hand Weapons
 a - a +1 war axe (weapon)
Missiles
 d - 3 throwing nets
 e - 118 stones (quivered)
Armour
 b - a +0 leather armour (melded)
 i - a +0 cloak (melded)
 n - a +0 buckler
Jewellery
 x - an amulet of magic regeneration (around neck)
Wands
 s - a wand of polymorph (12)
 u - a wand of digging (5)
Scrolls
 c - a scroll of magic mapping
 o - 2 scrolls of remove curse
 p - a scroll of teleportation
 r - 2 scrolls of enchant weapon
 t - a scroll of enchant armour {unknown}
 v - a scroll of fear {unknown}
 y - a scroll of identify {unknown}
 B - a scroll of blinking {unknown}
Potions
 g - a potion of mutation {unknown}
 h - a potion of cancellation
 j - 2 potions of resistance
 k - a potion of might {unknown}
 l - a potion of brilliance {unknown}
 m - a potion of degeneration {unknown}
 w - a potion of agility
Comestibles
 f - 7 rations
 z - 6 chunks of flesh


   Skills:
 * Level 3.8 Fighting
 + Level 3.4 Axes
 - Level 2.0 Throwing
 - Level 3.0 Dodging
 * Level 2.3 Shields


You had 4 spell levels left.
You didn't know any spells.
Your spell library was empty.

Dungeon Overview and Level Annotations

Branches:
Dungeon (4/15)
 Temple: D:4-7

Altars:
Fedhas
Makhleb
Trog
Uskayaw

Annotations:
D:3 3 runed translucent doors, NeAGen181's ghost, amateur HOFi
D:4 Edmund; Robin


Innate Abilities, Weirdness & Mutations

((You have a pair of small horns on your head.))
You are surrounded by a mild repulsion field. (EV +2)


Message History

Your +0 leather armour melds into your body.
Your roots penetrate the ground.
The goblin hits you with a +0 dagger.
* * * LOW HITPOINT WARNING * * *
You slash the orc priest!
The orc priest is severely wounded.
You hit the goblin.
You kill the goblin!
Makhleb accepts your kill.
The orc priest begins to cast a cantrip, but forgets the words!
You barely miss the orc priest.
The orc priest is severely wounded.
The orc priest hits you but does no damage.
You slash something!
The orc priest looks satisfied for a moment.
Something hits you but does no damage.
You barely miss something. Something hits you but does no damage.
You hit something.
The orc priest calls down the wrath of Beogh upon you.
Beogh smites you!
You die...

#.......########.#
#.......# .#
#.......##### .#
#...........# .#
#.......###)#
#.......# #.#
######### #.# #)#
#♣# #{# #o# #g#
.@. ... ... ..%#.


You could see Edmund, Robin and an orc priest.

Vanquished Creatures
  2 bullfrog skeletons (D:4)
  Ijyb (D:3)
  An adder (D:3)
  An ooze (D:2)
  A worm (D:2)
  3 dart slugs
  A leopard gecko (D:2)
  6 orcs (D:3)
  3 giant cockroaches (D:1)
  14 goblins
  3 hobgoblins
  10 jackals
  4 quokkas
  6 bats
  2 frilled lizards (D:3)
  5 kobolds
  A leopard gecko skeleton (D:3)
  5 rats
69 creatures vanquished.

Notes
Turn   | Place    | Note
-------+----------+-------------------------------------------
     0 | D:1      | FishyPogo the Demonspawn Gladiator began the quest for the
                  | Orb.
     0 | D:1      | Reached XP level 1. HP: 16/16 MP: 1/1
    72 | D:1      | Gained mutation: You are surrounded by a mild repulsion
                  | field. (EV +2) [demonic ancestry]
    72 | D:1      | Reached XP level 2. HP: 17/22 MP: 2/2
   523 | D:1      | Gained mutation: You have a pair of small horns on your
                  | head. [demonic ancestry]
   523 | D:1      | Reached XP level 3. HP: 28/28 MP: 3/3
  1342 | D:3      | Reached skill level 1 in Shields
  1364 | D:3      | Found a burning altar of Makhleb.
  1366 | D:3      | Noticed a blizzard demon
  1370 | D:3      | Noticed a neqoxec
  1370 | D:3      | Noticed a smoke demon
  1372 | D:3      | Became a worshipper of Makhleb the Destroyer
  1458 | D:3      | Found a runed translucent gate.
  1458 | D:3      | Found a runed translucent gate.
  1458 | D:3      | Found a runed translucent gate.
  1458 | D:3      | Noticed a bullfrog
  1459 | D:3      | Noticed NeAGen181's ghost (amateur HOFi)
  1481 | D:3      | Noticed Ijyb
  1504 | D:3      | Killed Ijyb
  1504 | D:3      | Reached XP level 4. HP: 19/35 MP: 4/4
  1823 | D:3      | Found a blossoming altar of Fedhas.
  1912 | D:3      | Found a hide-covered altar of Uskayaw.
  1935 | D:3      | Found a bloodstained altar of Trog.
  2254 | D:4      | Reached XP level 5. HP: 41/42 MP: 5/5
  2281 | D:4      | Noticed Robin
  2286 | D:4      | Reached * piety under Makhleb
  2286 | D:4      | Noticed Edmund
  2301 | D:4      | Killed from afar by an orc priest

Skill      XL: |  1  2  3  4 |
---------------+-------------+-----
Throwing       | 2 |  2.0
Dodging        | 3 |  3.0
Axes           | 3 |  3.4
Fighting       | 3 |  3.8
Shields        | 1 2 |  2.3

Action                   |  1- 3 |  4- 6 || total
-------------------------+-------+-------++-------
Melee: War axe           |   112 |    57 ||   169
       Headbutt          |    11 |     3 ||    14
Throw: Stone             |     1 |       ||     1
  Use: Scroll            |     4 |       ||     4
       Potion            |       |     5 ||     5
  Eat: Chunk             |     2 |     3 ||     5
Armor: Leather armour    |    34 |    10 ||    44
       Skin              |       |     2 ||     2
Dodge: Dodged            |   140 |    62 ||   202
